 Dungeon Crawl Stone Soup version 0.31-a0-198-g2ad674f65e (webtiles) character file.

Game seed: 9852665536915396444

44 qw the Shooter (level 3, -1/20 HPs)
             Began as a Deep Elf Hunter on June 25, 2023.
             Slain by Robin
             ... wielding a +0 mace
              (2 damage)
             ... on level 2 of the Dungeon.
             The game lasted 00:00:22 (695 turns).

qw the Shooter (Deep Elf Hunter)                     Turns: 695, Time: 00:00:23

Health: -1/20      AC:  6    Str: 10    XL:     3   Next: 39%
Magic:  5/5        EV: 11    Int: 13    God:
Gold:   55         SH:  0    Dex: 18    Spells: 2/2 levels left

rFire   . . .        Y - +0 shortbow
rCold   . . .        (shield currently unavailable)
rNeg    . . .        f - +0 ring mail
rPois   .            (no helmet)
rElec   .            (no cloak)
rCorr   .            (no gloves)
SInv    .            i - +0 pair of boots
Will    .....        (no amulet)
Stlth   +            (no ring)
HPRegen 0.23/turn    (no ring)
MPRegen 0.09/turn

%: no passive effects
@: no status effects
A: no striking features
a: no special abilities


You were on level 2 of the Dungeon.
You visited 1 branch of the dungeon, and saw 2 of its levels.

You collected 55 gold pieces.


   Skills:
 - Level 1.5 Fighting
 + Level 7.0 Ranged Weapons
 - Level 2.4 Dodging
 - Level 1.2 Stealth


You had 2 spell levels left.
You didn't know any spells.
Your spell library was empty.

Inventory:

Hand Weapons
 Y - a +0 shortbow (weapon)
Armour
 f - a +0 ring mail (worn)
 i - a +0 pair of boots (worn)
Potions
 d - a potion of heal wounds {unknown}
 h - a potion of magic {unknown}
 j - a potion of curing {unknown}

Dungeon Overview and Level Annotations

Branches:
Dungeon (2/15)

Altars:

Annotations:
D:2 Robin


Message History

Robin throws the goblin at you! The goblin misses you.
You shoot an arrow. The arrow hits the goblin!
You kill the goblin!
A ball python comes into view.
The goblin hits you with a +0 club.
You shoot an arrow. The arrow closely misses the goblin.
The arrow hits Robin.
Robin is moderately wounded.
The goblin closely misses you. The goblin barely misses you.
You shoot an arrow. The arrow hits the goblin!
You kill the goblin!
The goblin hits you but does no damage.
Your Ranged Weapons skill increases to level 7!
You shoot an arrow. The arrow hits Robin.
Robin is heavily wounded.
The goblin hits you with a +0 club. The endoplasm closely misses you.
Robin roars a battlecry!
The goblins go into a battle-frenzy!
The endoplasm closely misses you. The goblin hits you but does no damage.
You shoot an arrow.
The arrow hits Robin but does no damage.
Robin is heavily wounded.
The hobgoblin hits you. Robin hits you with a +0 mace.
The endoplasm barely misses you. The goblin hits you with a +0 club.
You shoot an arrow. The arrow closely misses Robin.
A bat comes into view.
The goblin barely misses you. The endoplasm freezes you.
You are frozen.
The hobgoblin hits you but does no damage.
Robin closely misses you.
The bat moves out of view.
You shoot an arrow. The arrow hits Robin!
Robin is almost dead.
The goblin closely misses you. The endoplasm hits you.
Robin hits you with a +0 mace. The hobgoblin closely misses you.
You shoot an arrow. The arrow hits Robin.
Robin is almost dead.
The goblin hits you with a +0 club.
The endoplasm hits you but does no damage.
The hobgoblin barely misses you. Robin hits you with a +0 mace.
You die...

#<##.#....)....))
#.##.###.########
#.##...........#
...#####.......#
... #...%...#
#...# #.......#
##.## #.......#%
#^# #.gg......
#.@JS....#
#g##.....# #.#
###..# #.# ...
#.. ... ).. ..


You could see Robin, an endoplasm, a hobgoblin (strong), a goblin (strong) and a
ball python.

Vanquished Creatures
  A worm (D:2)
  A dart slug (D:1)
  4 endoplasms
  2 giant cockroaches (D:1)
  11 goblins
  A hobgoblin (D:2)
  3 ball pythons (D:1)
  A bat (D:1)
  5 frilled lizards (D:1)
  6 kobolds
  3 rats (D:1)
38 creatures vanquished.

Notes
Turn   | Place    | Note
-------+----------+-------------------------------------------
     0 | D:1      | qw the Deep Elf Hunter began the quest for the Orb.
     0 | D:1      | Reached XP level 1. HP: 12/12 MP: 3/3
     0 | D:1      | 0 ||| qw: Version: 0.3-a-22-g0ed2b0b
     0 | D:1      | 0 ||| qw: Game counter: 5310
     0 | D:1      | 0 ||| qw: Melee chars always use a shield: true
     0 | D:1      | 0 ||| qw: God list: Okawaru
     0 | D:1      | 0 ||| qw: Allow faded altars: false
     0 | D:1      | 0 ||| qw: Do Orc after clearing Dungeon:15 true
     0 | D:1      | 0 ||| qw: Do second Lair branch before Depths: true
     0 | D:1      | 0 ||| qw: Lair rune preference: random
     0 | D:1      | 0 ||| qw: Goals: Normal
     0 | D:1      | 0 ||| PLANNING D:1-11
   122 | D:1      | 122 ||| FLEEEEING.
   139 | D:1      | Reached skill level 6 in Ranged Weapons
   139 | D:1      | Reached XP level 2. HP: 15/16 MP: 4/4
   225 | D:1      | Found a faded altar of an unknown god.
   519 | D:1      | Reached XP level 3. HP: 20/20 MP: 5/5
   576 | D:1      | 576 ||| UPGRADING to +0 ring mail.
   586 | D:1      | 586 ||| DROPPING +0 leather armour.
   587 | D:1      | 587 ||| UPGRADING to +0 pair of boots.
   592 | D:1      | 592 ||| READING scroll labelled MUSTRI VUNAOG.
   593 | D:1      | 593 ||| READING scroll labelled OXKOOR BYOMEYKY.
   594 | D:1      | 594 ||| DROPPING scroll of butterflies.
   684 | D:2      | Noticed Robin
   691 | D:2      | Reached skill level 7 in Ranged Weapons
   694 | D:2      | HP: 5/20 [Robin/+0 mace (3)]
   695 | D:2      | HP: 1/20 [goblin/+0 club[Robin] (4)]
   695 | D:2      | Slain by Robin

Levels and vault maps discovered:
D:1:      roderic_chinese_lattice_arrival, layout_loops_cross,
          shapermc_ecumenical_altar_rom_forum
D:2:      layout_loops_cross, uniq_robin

Skill      XL: |  1  2  3 |
---------------+----------+-----
Ranged Weapons | 6 7 |  7.0
Fighting       | |  1.5
Dodging        | |  2.4
Stealth        | |  1.2

Action                     || total
---------------------------++-------
   Fire: Shortbow          ||    87
    Use: Scroll            ||     2
 Armour: Ring mail         ||     5
  Dodge: Dodged            ||    13

Table legend:
 A = Non-vault XP
 B = Vault XP
 C = Vault XP percentage of total XP
 D = Non-vault monster count
 E = Vault monster count
 F = Vault count percentage of total count
                 A         B        C        D         E       F
            +---------+---------+-------+---------+---------+-------
      Total |      52 |      11 |  17.5 |      32 |       6 |  15.8
            +---------+---------+-------+---------+---------+-------
        D:1 |      44 |       0 |   0.0 |      29 |       0 |   0.0
        D:2 |       8 |      11 |  57.9 |       3 |       6 |  66.7
            +---------+---------+-------+---------+---------+-------
